 Dungeon Crawl Stone Soup version 0.30-b1-2-g02819fbbbe (webtiles) character file.

Game seed: 13585995350854379919

1004 Alarkh the Fighter (level 8, 71/71 HPs)
             Began as a Demonspawn Artificer on Nov 27, 2023.
             Got out of the dungeon alive.
             The game lasted 00:06:29 (5044 turns).

Alarkh the Fighter (Demonspawn Artificer)           Turns: 5044, Time: 00:06:30

Health: 71/71      AC: 11    Str: 12    XL:     8   Next: 0%
Magic:  17/17      EV: 11    Int: 15    God:
Gold:   315        SH:  0    Dex: 14    Spells: 7/7 levels left

rFire   . . .        b - +1 flail (venom)
rCold   . . .        (no shield)
rNeg    . . .        j - +2 robe {Will+}
rPois   .            (helmet restricted)
rElec   .            (no cloak)
rCorr   .            D - +2 pair of gloves
SInv    .            w - +1 pair of boots
Will    +....        (no amulet)
Stlth   ++           x - ring of magical power
HPRegen 0.31/turn    v - ring of flight
MPRegen 0.15/turn

%: no passive effects
@: flying
A: horns 1, slimy green scales 1, powered by death 1, demonic magic 1
a: no special abilities


You escaped.
You visited 1 branch of the dungeon, and saw 6 of its levels.

You collected 315 gold pieces.

Inventory:

Hand Weapons
 a - a +5 club
 b - a +1 flail of venom (weapon)
 c - a +0 quarterstaff
Armour
 j - a +2 robe of willpower (worn)
 w - a +1 pair of boots (worn)
 A - a +0 pair of gloves
 D - a +2 pair of gloves (worn)
Jewellery
 v - a ring of flight (right hand)
 x - a ring of magical power (left hand)
Wands
 d - a wand of charming (14)
 e - a wand of iceblast (2) (quivered)
 y - a wand of paralysis (3)
Scrolls
 f - a scroll of noise {unknown}
 g - 3 scrolls of teleportation {unknown}
 i - 2 scrolls of summoning {unknown}
 l - a scroll of poison {unknown}
 m - 4 scrolls of identify {unknown}
 o - a scroll of enchant weapon {unknown}
 p - 2 scrolls of blinking {unknown}
 q - a scroll of immolation {unknown}
 r - a scroll of fear {unknown}
 u - a scroll of torment {unknown}
 B - a scroll of fog {unknown}
Potions
 h - a potion of brilliance {unknown}
 k - 3 potions of magic {unknown}
 n - 2 potions of haste {unknown}
 s - 3 potions of heal wounds {unknown}
 t - 2 potions of resistance {unknown}
 z - 2 potions of curing {unknown}
 C - 3 potions of flight {unknown}
 E - 3 potions of berserk rage {unknown}
 F - 2 potions of lignification {unknown}
 G - a potion of invisibility {unknown}
 H - a potion of degeneration {unknown}


   Skills:
 + Level 9.3 Fighting
 - Level 1.7 Armour
 - Level 0.8 Dodging
 - Level 0.8 Stealth
 - Level 3.0 Evocations


You had 7 spell levels left.
You didn't know any spells.
Your spell library contained the following spells:

 Spells                   Type           Power      Damage    Failure   Level
 Magic Dart               Conj           0%         1d3       26%         1
 Call Imp                 Summ           0%         N/A       38%         2
 Cigotuvi's Dreadful Rot  Necr/Pois/Air  0%         N/A       38%         2
 Sublimation of Blood     Necr           0%         N/A       38%         2
 Ignite Poison            Fire/Tmut/Pois 0%         N/A       63%         3
 Mephitic Cloud           Conj/Pois/Air  0%         N/A       63%         3
 Petrify                  Tmut/Erth      0%         N/A       95%         4
 Freezing Cloud           Conj/Ice/Air   0%         6-21      100%        5
 Irradiate                Conj/Tmut      0%         3d11      100%        5


Dungeon Overview and Level Annotations

Branches:
Dungeon (6/15)
 Temple: D:4-7

Altars:
Ashenzari
Makhleb
Nemelex Xobeh
Okawaru
Vehumet


Innate Abilities, Weirdness & Mutations

You have a pair of small horns on your head.
You are partially covered in slimy green scales. (AC +2)
You regenerate a little health from kills.
Spells you cast may paralyse adjacent enemies.


Message History

The kobold zombie misses you. The kobold zombie barely misses you.
The kobold zombie closely misses you.
You hit the kobold zombie.
You destroy the kobold zombie!
The kobold zombie barely misses you.
You closely miss the kobold zombie.
You punch the kobold zombie, but do no damage.
The kobold zombie barely misses you.
You completely miss the kobold zombie. The kobold zombie closely misses you.
You hit the kobold zombie. You headbutt the kobold zombie.
You destroy the kobold zombie!
No target in view!
(D) Dungeon
Where to? (Enter - D:6, ? - help)
What level of the Dungeon? (default 1, ? - help)
Found a trident.
Items here: ( ))) ††.
There is a stone staircase leading up here.
There is a shaft here.
There is a stone staircase leading up here.
You fly upwards.
There is a stone staircase leading down here.
There is a stone staircase leading up here.
You fly upwards.
There is a stone staircase leading down here.
There is a stone staircase leading up here.
You fly upwards.
There is a stone staircase leading down here.
There is a stone staircase leading up here.
You fly upwards.
There is a stone staircase leading down here.
There is a stone staircase leading up here.
You fly upwards.
There is a stone staircase leading down here.
There is an open door here.
There is a fountain of clear blue water here.
There is an open door here.
There is a staircase leading out of the dungeon here.
Are you sure you want to leave the Dungeon?
This will make you lose the game!
You have escaped!

##.####..##########)#
...............# #.#
##.####..#####.####.###
##.####..#####.##.....###########
...............##................
##.###..#################..#####.
##.###.##...............##.# #.
.....#.##.8.8.#+#'#.8.8.##.# #.
##.÷.#>##..8..#.@.#..8..#..# #.
###÷#.##.8.8.#####.8.8.#### #.
#.#.##...............# #.
#.#.####...⌠...⌠...### #†
####.#.#####....8....###########.
.........####.⌠...⌠.##...........
.....#......##.....##############
####.###.#######'########
#.##...####.#.##.....#


There were no monsters in sight!

Vanquished Creatures
  Menkaure (D:4)
  A water moccasin (D:6)
  2 ice beasts
  2 ogres
  A kobold brigand (D:6)
  A bullfrog (D:6)
  A hound (D:4)
  A jelly (D:6)
  3 sleepcaps
  Jessica (D:2)
  5 adders
  A white imp (D:5)
  3 worms (D:2)
  6 dart slugs
  An orc (D:4)
  8 endoplasms
  2 giant cockroaches
  7 goblins
  5 hobgoblins
  6 jackals
  2 quokkas
  3 ball pythons
  6 bats
  8 frilled lizards
  4 kobolds
  2 kobold zombies (D:6)
  5 rats
88 creatures vanquished.

Notes
Turn   | Place    | Note
-------+----------+-------------------------------------------
     0 | D:1      | Alarkh the Demonspawn Artificer began the quest for the
                  | Orb.
     0 | D:1      | Reached XP level 1. HP: 15/15 MP: 1/1
   174 | D:1      | Reached skill level 2 in Fighting
   175 | D:1      | Gained mutation: You regenerate a little health from kills.
                  | [demonic ancestry]
   175 | D:1      | Reached XP level 2. HP: 9/22 MP: 2/2
   400 | D:1      | Reached skill level 3 in Fighting
   526 | D:1      | Reached XP level 3. HP: 27/29 MP: 3/3
   860 | D:2      | Noticed Jessica
   862 | D:2      | Killed Jessica
   930 | D:2      | Gained mutation: You are partially covered in slimy green
                  | scales. (AC +2) [demonic ancestry]
   930 | D:2      | Reached XP level 4. HP: 30/37 MP: 4/4
   974 | D:2      | Reached skill level 4 in Fighting
  2267 | D:3      | You fall into a shaft and drop 3 floors!
  2282 | D:5      | Entered Level 5 of the Dungeon
  2331 | D:5      | Noticed an ogre
  2475 | D:5      | Found a radiant altar of Vehumet.
  2496 | D:5      | Killed an ogre
  2497 | D:5      | Reached skill level 5 in Fighting
  2497 | D:5      | Reached XP level 5. HP: 44/44 MP: 5/5
  2681 | D:5      | Reached skill level 6 in Fighting
  2781 | D:4      | Noticed Menkaure
  2789 | D:4      | Killed Menkaure
  2790 | D:4      | Gained mutation: Spells you cast may paralyse adjacent
                  | enemies. [demonic ancestry]
  2790 | D:4      | Reached XP level 6. HP: 23/53 MP: 6/6
  2976 | D:4      | Noticed an ice beast
  2994 | D:4      | Killed an ice beast
  2995 | D:4      | Reached skill level 7 in Fighting
  3823 | D:4      | Found a broken altar of Ashenzari.
  3838 | D:4      | Found a sparkling altar of Nemelex Xobeh.
  3952 | D:4      | Reached XP level 7. HP: 60/60 MP: 7/7
  3962 | D:4      | Found a burning altar of Makhleb.
  3965 | D:4      | Found an iron altar of Okawaru.
  4483 | D:6      | Reached skill level 8 in Fighting
  4889 | D:6      | Reached skill level 9 in Fighting
  4908 | D:6      | Gained mutation: You have a pair of small horns on your
                  | head. [demonic ancestry]
  4908 | D:6      | Reached XP level 8. HP: 68/71 MP: 8/8
  5044 | D:$      | Got out of the dungeon alive.

Illustrated notes

Levels and vault maps discovered:
D:1:      ncdulo_halloftheorcs, layout_loops_ring
D:2:      kennysheep_six_static_rooms, layout_basic, uniq_jessica
D:3:      layout_rooms
D:4:      layout_basic, amethyst_overflow_temple_binary,
          nicolae_overflow_squiral, uniq_menkaure
D:5:      layout_loops_ring, mainiacjoe_overflow_paths
D:6:      layout_rooms, nicolae_tso_besieged_by_evil,
          minmay_temple_entry_drinking_statues, roderic_lattice_a,
          sword_in_stone

Skill      XL: |  1  2  3  4  5  6  7 |
---------------+----------------------+-----
Fighting       | 2 3 5 6 7 9 |  9.3
Armour         | |  1.7
Dodging        | |  0.8
Stealth        | |  0.8
Evocations     | |  3.0

Action                     |  1- 3 |  4- 6 |  7- 9 || total
---------------------------+-------+-------+-------++-------
  Melee: Club              |    30 |   119 |       ||   149
         Punch             |     2 |     1 |     2 ||     5
         Quarterstaff      |    45 |       |       ||    45
         Flail             |       |    34 |    49 ||    83
         Headbutt          |       |       |     1 ||     1
  Evoke: Wand              |    15 |     4 |     3 ||    22
   Stab: Sleeping          |     1 |     5 |     1 ||     7
         Paralysed         |       |     9 |       ||     9
 Armour: Leather armour    |    20 |       |       ||    20
         Robe              |     1 |    64 |    33 ||    98
  Dodge: Dodged            |    58 |    77 |    34 ||   169
